Senators vs Inferno
Created - January 21, 2021 at 19:37
Goals
|
| Senators |
1 |
1 |
3 |
1 |
6 |
| Inferno |
3 |
2 |
0 |
0 |
5 |
|
Shots
|
| Senators |
10 |
4 |
16 |
3 |
33 |
| Inferno |
15 |
15 |
10 |
1 |
41 |
|
1st period
1. Inferno , Philip Varone 26 (Matthew Nieto 10) at 5:45
2. Senators , Zemgus Girgensons 13 (Tomas Jurco 15) at 6:30
3. Inferno , Philip Varone 27 (Kevin Labanc 28) at 8:11
4. Inferno , Tanner Pearson 28 (David Savard 23) at 8:46
Penalties :
Barclay Goodrow (Anc) for Hooking (Minor) at 13:35, Scott Harrington (BIN) for Holding (Minor) at 19:43
2nd period
5. Inferno , Kevin Labanc 17 (Philip Varone 24, Esa Lindell 37) at 3:42
6. Inferno , Philip Varone 28 (Kevin Labanc 29, Tanner Pearson 27) at 10:02 (PP)
7. Senators , Grant Besse 4 (Zachary Sanford 7, Jake Evans 2) at 18:27
Penalties :
Joonas Lyytinen (BIN) for Hooking (Minor) at 9:49, Scott Harrington (BIN) for Boarding (Minor) at 10:26, A.J. Jenks (BIN) for Hooking (Minor) at 14:18
3rd period
8. Senators , Nick Foligno 20 (Jonathan Ferland 32, Keegan Lowe 20) at 1:28 (PP)
9. Senators , Jake Evans 5 (Zachary Sanford 8, Kevin Rooney 10) at 9:06
10. Senators , Grant Besse 5 (Zachary Sanford 9, Anthony Bitetto 13) at 12:00
Penalties :
Vladimir Sobotka (Anc) for High sticking (Minor) at 1:11, Anthony Bitetto (BIN) for Hooking (Minor) at 9:34, Anthony Bitetto (BIN) for Holding (Minor) at 15:52
Overtime #1
11. Senators , Zemgus Girgensons 14 (Keegan Lowe 21) at 4:52
Penalties :
Esa Lindell (Anc) for Boarding (Minor) at 0:11
Goalie Stats
Sami Aittokallio (BIN), 36 saves from 41 shots - (0.878), W, 3-5-0, 64:52 minutes
Antti Raanta (Anc), 27 saves from 33 shots - (0.818), OTL, 6-4-1, 64:52 minutes
Players Stats for Senators
Player Name G A P +/- PIM S H SB GA TA FO MP PP MP PK MP
------------------------------------------------------------------------------------
A.J. Jenks 0 0 0 0 2 2 2 1 1 0 0/0 5:59 0:00 0:00
Adam Ollas-Mattsson 0 0 0 0 0 0 0 0 0 0 0/0 0:00 0:00 0:00
Anthony Bitetto 0 1 1 3 4 1 1 0 0 2 0/0 27:12 1:25 3:29
Anthony Richard 0 0 0 0 0 1 1 0 1 0 1/3 5:57 0:00 0:00
Brett Bulmer 0 0 0 0 0 0 0 0 0 0 0/0 5:57 0:00 0:00
Dylan Blujus 0 0 0 0 0 1 1 1 1 0 0/0 21:47 0:51 4:04
Eric Mestery 0 0 0 -2 0 0 0 1 0 0 0/0 11:03 0:00 1:02
Grant Besse 2 0 2 2 0 2 1 0 1 2 0/1 11:03 0:00 0:00
Jack Dougherty 0 0 0 -2 0 0 1 0 0 0 0/0 9:52 0:00 0:00
Jake Evans 1 1 2 2 0 2 1 0 0 0 2/9 11:03 0:00 0:00
Joel Eriksson Ek 0 0 0 0 0 0 0 0 0 0 0/0 1:09 0:00 0:00
Jonathan Ferland 0 1 1 0 0 3 2 0 1 1 6/14 26:13 1:16 5:40
Joonas Lyytinen 0 0 0 0 2 0 0 0 0 0 0/0 3:50 0:00 0:00
Jordan Schroeder 0 0 0 0 0 2 0 0 1 0 14/29 18:29 1:16 0:20
Keegan Lowe 0 2 2 3 0 2 1 0 0 0 0/0 29:22 1:25 6:04
Kevin Rooney 0 1 1 -2 0 0 1 0 1 0 7/13 13:55 1:00 0:00
Kyle Connor 0 0 0 0 0 0 0 0 0 0 0/0 2:37 0:00 0:49
Mason Geertsen 0 0 0 0 0 0 0 0 0 0 0/0 3:23 0:00 3:23
Nick Foligno 1 0 1 1 0 3 1 1 0 2 2/3 21:57 1:16 2:49
Philippe Myers 0 0 0 0 0 0 0 0 0 0 0/0 3:51 0:00 0:00
Scott Harrington 0 0 0 0 4 1 1 0 0 1 0/0 20:06 0:51 2:14
Tomas Jurco 0 1 1 -2 0 2 1 0 0 0 0/0 22:16 1:00 5:40
Warren Foegele 0 0 0 0 0 0 0 0 0 0 0/0 2:06 0:00 1:19
Zachary Sanford 0 3 3 2 0 5 1 0 0 2 0/0 11:03 0:00 0:00
Zemgus Girgensons 2 0 2 -1 0 6 3 0 1 0 1/2 19:04 1:00 3:39
Players Stats for Inferno
Player Name G A P +/- PIM S H SB GA TA FO MP PP MP PK MP
------------------------------------------------------------------------------------
Barclay Goodrow 0 0 0 -2 2 1 0 0 1 1 0/0 8:36 0:00 0:00
Bryan Rust 0 0 0 1 0 5 1 0 1 1 2/4 21:50 0:20 2:29
David Savard 0 1 1 2 0 2 2 1 1 2 0/0 30:32 6:21 2:24
Esa Lindell 0 1 1 2 2 4 2 0 4 0 0/0 29:47 6:21 1:26
Evgeny Svechnikov 0 0 0 -1 0 2 0 0 0 0 0/1 13:31 4:22 0:00
Greg Pateryn 0 0 0 -1 0 1 1 1 0 2 0/0 19:27 0:00 1:32
Jake DeBrusk 0 0 0 -1 0 2 1 0 0 0 0/1 11:54 1:10 0:45
Kevin Labanc 1 2 3 2 0 6 3 1 0 1 2/3 19:35 5:29 1:14
Mathieu Brodeur 0 0 0 -1 0 1 2 1 0 1 0/0 20:07 0:00 2:07
Matthew Nieto 0 1 1 2 0 4 6 1 0 0 0/0 17:33 4:14 0:00
Peter Cehlarik 0 0 0 -2 0 0 1 0 0 0 0/0 8:53 0:06 0:00
Petteri Lindbohm 0 0 0 -2 0 1 0 2 0 0 0/0 14:29 3:47 0:00
Philip Varone 3 1 4 2 0 4 2 1 0 0 12/20 16:43 4:29 0:44
Rasmus Andersson 0 0 0 -2 0 1 0 0 0 0 0/0 15:35 3:47 1:01
Ryan Spooner 0 0 0 -2 0 3 0 0 1 0 4/6 8:49 0:13 0:00
Tanner Pearson 1 1 2 0 0 2 0 1 2 0 0/3 24:19 5:35 0:00
Victor Rask 0 0 0 -2 0 1 1 0 0 0 7/8 15:25 4:26 0:00
Vladimir Sobotka 0 0 0 1 2 1 1 0 0 0 14/28 18:05 0:00 1:19
3 Stars
1 - Philip Varone (Anc)
2 - Kevin Labanc (Anc)
3 - Grant Besse (BIN)
Power Play
Senators - 1 on 3 Attempt(s) - 33.33%
Inferno - 1 on 6 Attempt(s) - 16.67%
Penalty Kill
Senators - 5 on 6 Attempt(s) - 83.33%
- Score 0 goal in Penalty Kill
Inferno - 2 on 3 Attempt(s) - 66.67%
- Score 0 goal in Penalty Kill
Team Stat
Senators - Hits : 19 - Faceoff Wins : 33 - Blocked Shots : 4 - Penalty Minutes : 12
Inferno - Hits : 23 - Faceoff Wins : 41 - Blocked Shots : 9 - Penalty Minutes : 6
Official
Referees : Unknown
Linesman : Unknown
Game Notes
Philip Varone has scored a Hat Trick!
Philip Varone is injured at 12:30 of 3rd period (Sprained Left Ankle)
Finance
Level 1 -- Attendance: 1456 (72.80%) -- Ticket Income $58,240
Level 2 -- Attendance: 677 (67.70%) -- Ticket Income $13,540
Total Attendance: 2133 (71.10%)
Total Ticket Income: $71,780
Other Income: $3,589
Total Income: $75,369
Senators
5 vs 5 Forward
Center Left Wing Right Wing Time % Phy DF OF
1 Jordan Schroeder Nick Foligno Jonathan Ferland 40 1 2 2
2 Kevin Rooney Zemgus Girgensons Tomas Jurco 30 1 2 2
3 Jake Evans Zachary Sanford Grant Besse 20 1 2 2
4 Anthony Richard A.J. Jenks Brett Bulmer 10 1 2 2
5 vs 5 Defense
Defense Defense Time % Phy DF OF
1 Anthony Bitetto Keegan Lowe 40 1 2 2
2 Scott Harrington Dylan Blujus 30 1 2 2
3 Eric Mestery Jack Dougherty 20 1 2 2
4 Philippe Myers Joonas Lyytinen 10 1 2 2
PowerPlay Forward
Center Left Wing Right Wing Time % Phy DF OF
1 Jordan Schroeder Nick Foligno Jonathan Ferland 60 1 2 2
2 Kevin Rooney Zemgus Girgensons Tomas Jurco 40 1 2 2
PowerPlay Defense
Defense Defense Time % Phy DF OF
1 Anthony Bitetto Keegan Lowe 60 1 2 2
2 Scott Harrington Dylan Blujus 40 1 2 2
Penalty Kill 4 Players Forward
Center Wing Time % Phy DF OF
1 Jonathan Ferland Tomas Jurco 60 1 2 2
2 Nick Foligno Zemgus Girgensons 40 1 2 2
Penalty Kill 4 Players Defense
Defense Defense Time % Phy DF OF
1 Anthony Bitetto Keegan Lowe 60 1 2 2
2 Scott Harrington Dylan Blujus 40 1 2 2
Penalty Kill - 3 Players Forward
Forward Time % Phy DF OF
1 Jonathan Ferland 60 1 2 2
2 Tomas Jurco 40 1 2 2
Penalty Kill - 3 Players Defense
Defense Defense Time % Phy DF OF
1 Anthony Bitetto Keegan Lowe 60 1 2 2
2 Scott Harrington Dylan Blujus 40 1 2 2
4 vs 4 Forward
Center Wing Time % Phy DF OF
1 Jonathan Ferland Tomas Jurco 60 1 2 2
2 Nick Foligno Zemgus Girgensons 40 1 2 2
4 vs 4 Defense
Defense Defense Time % Phy DF OF
1 Anthony Bitetto Keegan Lowe 60 1 2 2
2 Scott Harrington Dylan Blujus 40 1 2 2
Last Minutes Offensive
Center Left Wing Right Wing Defense Defense
Jordan Schroeder Nick Foligno Jonathan Ferland Anthony Bitetto Keegan Lowe
Last Minutes Defensive
Center Left Wing Right Wing Defense Defense
Jordan Schroeder Nick Foligno Jonathan Ferland Anthony Bitetto Keegan Lowe
Goaltenders
Starting : Sami Aittokallio
Backup : Justin Peters
Extra Forwards
Normal : Kyle Connor, Joel Eriksson Ek, Warren Foegele - PP : Kyle Connor, Joel Eriksson Ek - PK : Warren Foegele
Extra Defensemen
Normal : Adam Ollas-Mattsson, Mason Geertsen, Eric Mestery - PP : Adam Ollas-Mattsson - PK : Mason Geertsen, Eric Mestery
Penalty Shots
Jonathan Ferland, Tomas Jurco, Nick Foligno, Zemgus Girgensons, Zachary Sanford
Scratches
Zach Nastasiuk (Healthy), Chandler Stephenson (Back Injury), Jonas Siegenthaler (Healthy), Nathan Gerbe (Torn Right MCL Injury), Blake Coleman (Healthy)
Branden Troock (Healthy), Gustav Forsling (Healthy), Maxim Letunov (Healthy), Pontus Sjalin (Healthy), Keven Bouchard (Healthy)
Inferno
5 vs 5 Forward
Center Left Wing Right Wing Time % Phy DF OF
1 Vladimir Sobotka Tanner Pearson Bryan Rust 40 1 2 2
2 Philip Varone Matthew Nieto Kevin Labanc 30 1 2 2
3 Victor Rask Jake DeBrusk Evgeny Svechnikov 20 1 2 2
4 Ryan Spooner Peter Cehlarik Barclay Goodrow 10 1 2 2
5 vs 5 Defense
Defense Defense Time % Phy DF OF
1 David Savard Esa Lindell 40 1 2 2
2 Greg Pateryn Mathieu Brodeur 30 1 2 2
3 Rasmus Andersson Petteri Lindbohm 20 1 2 2
4 Greg Pateryn Mathieu Brodeur 10 1 2 2
PowerPlay Forward
Center Left Wing Right Wing Time % Phy DF OF
1 Philip Varone Tanner Pearson Kevin Labanc 60 1 2 2
2 Victor Rask Matthew Nieto Evgeny Svechnikov 40 1 2 2
PowerPlay Defense
Defense Defense Time % Phy DF OF
1 David Savard Esa Lindell 60 1 2 2
2 Rasmus Andersson Petteri Lindbohm 40 1 2 2
Penalty Kill 4 Players Forward
Center Wing Time % Phy DF OF
1 Vladimir Sobotka Bryan Rust 60 1 2 2
2 Philip Varone Jake DeBrusk 40 1 2 2
Penalty Kill 4 Players Defense
Defense Defense Time % Phy DF OF
1 David Savard Esa Lindell 60 1 2 2
2 Greg Pateryn Mathieu Brodeur 40 1 2 2
Penalty Kill - 3 Players Forward
Forward Time % Phy DF OF
1 Bryan Rust 60 1 2 2
2 Vladimir Sobotka 40 1 2 2
Penalty Kill - 3 Players Defense
Defense Defense Time % Phy DF OF
1 David Savard Esa Lindell 60 1 2 2
2 Greg Pateryn Mathieu Brodeur 40 1 2 2
4 vs 4 Forward
Center Wing Time % Phy DF OF
1 Philip Varone Tanner Pearson 60 1 2 2
2 Vladimir Sobotka Bryan Rust 40 1 2 2
4 vs 4 Defense
Defense Defense Time % Phy DF OF
1 David Savard Esa Lindell 60 1 2 2
2 Greg Pateryn Mathieu Brodeur 40 1 2 2
Last Minutes Offensive
Center Left Wing Right Wing Defense Defense
Philip Varone Tanner Pearson Bryan Rust David Savard Esa Lindell
Last Minutes Defensive
Center Left Wing Right Wing Defense Defense
Vladimir Sobotka Tanner Pearson Bryan Rust David Savard Esa Lindell
Goaltenders
Starting : Antti Raanta
Backup : Michael Hutchinson
Extra Forwards
Normal : Tanner Pearson, Philip Varone, Bryan Rust - PP : Jake DeBrusk, Evgeny Svechnikov - PK : Kevin Labanc
Extra Defensemen
Normal : Mathieu Brodeur, Greg Pateryn, Rasmus Andersson - PP : Rasmus Andersson - PK : Mathieu Brodeur, Greg Pateryn
Penalty Shots
Tanner Pearson, Kevin Labanc, Evgeny Svechnikov, Philip Varone, Matthew Nieto
Scratches
Chris Brown (Healthy), Frank Corrado (Healthy), Tyler Shattock (Healthy), Christian Jaros (Healthy), Trevor Carrick (Healthy)
Alexander True (Healthy), Eric Karlsson (Healthy), John Gilmour (Healthy), Ryan Donato (Healthy), Vladislav Kamenev (Healthy)
Dominik Masin (Healthy), Brandon Hickey (Healthy), Nathan Lieuwen (Healthy), Vitek Vanecek (Healthy)
% Time on Ice - Senators
Lines # - Real PCT - Wanted PCT - Time Play
Normal Forward
1 - 37% - 40% - 17:38
2 - 27% - 30% - 12:58
3 - 23% - 20% - 11:03
4 - 13% - 10% - 5:57
Normal Defense
1 - 40% - 40% - 19:09
2 - 31% - 30% - 14:44
3 - 21% - 20% - 9:52
4 - 8% - 10% - 3:51
PP Forward
1 - 56% - 60% - 1:16
2 - 44% - 40% - 1:00
PP Defense
1 - 63% - 60% - 1:25
2 - 38% - 40% - 0:51
PK Forward
1 - 72% - 60% - 7:19
2 - 28% - 40% - 2:49
PK Defense
1 - 60% - 60% - 6:04
2 - 40% - 40% - 4:04
PK3 Forward
1 - 0% - 60%
2 - 0% - 40%
PK3 Defense
1 - 0% - 60%
2 - 0% - 40%
44 Forward
1 - 75% - 60% - 3:38
2 - 25% - 40% - 1:14
44 Defense
1 - 56% - 60% - 2:44
2 - 44% - 40% - 2:08
Last Minute Offensive - 0:00
Last Minute Defensive - 0:00
Total
Forward - 64:52
Defense - 64:52
|
% Time on Ice - Inferno
Lines # - Real PCT - Wanted PCT - Time Play
Normal Forward
1 - 38% - 40% - 17:58
2 - 29% - 30% - 13:47
3 - 17% - 20% - 8:02
4 - 16% - 10% - 7:49
Normal Defense
1 - 43% - 40% - 20:22
2 - 31% - 30% - 14:39
3 - 20% - 20% - 9:39
4 - 6% - 10% - 2:56
PP Forward
1 - 58% - 60% - 5:54
2 - 42% - 40% - 4:14
PP Defense
1 - 63% - 60% - 6:21
2 - 37% - 40% - 3:47
PK Forward
1 - 89% - 60% - 2:01
2 - 11% - 40% - 0:15
PK Defense
1 - 63% - 60% - 1:26
2 - 37% - 40% - 0:50
PK3 Forward
1 - 82% - 60% - 1:37
2 - 18% - 40% - 0:22
PK3 Defense
1 - 100% - 60% - 1:59
2 - 0% - 40% - 0:00
44 Forward
1 - 100% - 60% - 2:53
2 - 0% - 40% - 0:00
44 Defense
1 - 66% - 60% - 1:54
2 - 34% - 40% - 0:59
Last Minute Offensive - 0:00
Last Minute Defensive - 0:00
Total
Forward - 64:52
Defense - 64:52
|
Play-by-Play
1st period
0:01 of 1st period - Vladimir Sobotka wins face-off versus Jordan Schroeder in neutral zone.
0:06 of 1st period - Wrist shot by Tanner Pearson.
0:06 of 1st period - Shot Misses the Net.
0:08 of 1st period - Wrist shot by Bryan Rust.
0:08 of 1st period - Stopped by Sami Aittokallio without a rebound.
0:09 of 1st period - Jordan Schroeder wins face-off versus Vladimir Sobotka in Senators zone.
0:40 of 1st period - Slapshot by Esa Lindell.
0:40 of 1st period - Deflect By Tanner Pearson.
0:40 of 1st period - Shot Blocked by Nick Foligno.
0:40 of 1st period - Puck is out of play.
0:41 of 1st period - Philip Varone wins face-off versus Kevin Rooney in Senators zone.
2:16 of 1st period - Vladimir Sobotka is hit by Zemgus Girgensons and loses puck.
2:20 of 1st period - Icing by Vladimir Sobotka.
2:21 of 1st period - Vladimir Sobotka wins face-off versus Jake Evans in Inferno zone.
3:11 of 1st period - Joonas Lyytinen is hit by Matthew Nieto and loses puck.
3:32 of 1st period - Philippe Myers is hit by Victor Rask and loses puck.
3:49 of 1st period - Zachary Sanford is hit by Peter Cehlarik and loses puck.
4:40 of 1st period - Keegan Lowe is hit by Matthew Nieto and loses puck.
5:18 of 1st period - Wrist shot by Anthony Richard.
5:18 of 1st period - Stopped by Antti Raanta with a rebound.
5:20 of 1st period - Slapshot by Anthony Bitetto.
5:20 of 1st period - Shot Misses the Net.
5:22 of 1st period - Snap shot by A.J. Jenks.
5:22 of 1st period - Stopped by Antti Raanta without a rebound.
5:23 of 1st period - Philip Varone wins face-off versus Jordan Schroeder in Inferno zone.
5:32 of 1st period - Snap shot by Jordan Schroeder.
5:32 of 1st period - Shot Blocked by Matthew Nieto.
5:34 of 1st period - Wrist shot by Nick Foligno.
5:34 of 1st period - Stopped by Antti Raanta without a rebound.
5:35 of 1st period - Philip Varone wins face-off versus Kevin Rooney in Inferno zone.
5:45 of 1st period - Slapshot by Philip Varone.
5:45 of 1st period - Goal by Philip Varone - Senators : 0 - Inferno : 1.
5:46 of 1st period - Jordan Schroeder wins face-off versus Vladimir Sobotka in neutral zone.
6:11 of 1st period - David Savard is hit by Grant Besse and loses puck.
6:20 of 1st period - Slapshot by Evgeny Svechnikov.
6:20 of 1st period - Stopped by Sami Aittokallio without a rebound.
6:21 of 1st period - Zemgus Girgensons wins face-off versus Philip Varone in Senators zone.
6:30 of 1st period - Snap shot by Tomas Jurco.
6:30 of 1st period - Deflect By Zemgus Girgensons.
6:30 of 1st period - Goal by Zemgus Girgensons - Senators : 1 - Inferno : 1.
6:31 of 1st period - Jordan Schroeder wins face-off versus Vladimir Sobotka in neutral zone.
6:46 of 1st period - Slapshot by Tanner Pearson.
6:46 of 1st period - Shot Misses the Net.
6:58 of 1st period - Dylan Blujus is hit by Matthew Nieto and loses puck.
7:56 of 1st period - Jonathan Ferland is hit by Vladimir Sobotka and loses puck.
8:03 of 1st period - Wrist shot by Tanner Pearson.
8:03 of 1st period - Deflect By Vladimir Sobotka.
8:03 of 1st period - Shot Misses the Net.
8:03 of 1st period - Puck is out of play.
8:04 of 1st period - Philip Varone wins face-off versus Kevin Rooney in Senators zone.
8:05 of 1st period - Slapshot by Kevin Labanc.
8:05 of 1st period - Shot Misses the Net.
8:07 of 1st period - Slapshot by Rasmus Andersson.
8:07 of 1st period - Stopped by Sami Aittokallio without a rebound.
8:08 of 1st period - Philip Varone wins face-off versus Zemgus Girgensons in Senators zone.
8:09 of 1st period - Backhand shot by Kevin Labanc.
8:09 of 1st period - Shot Misses the Net.
8:11 of 1st period - Wrist shot by Philip Varone.
8:11 of 1st period - Goal by Philip Varone - Senators : 1 - Inferno : 2.
8:12 of 1st period - Philip Varone wins face-off versus Jordan Schroeder in neutral zone.
8:27 of 1st period - Snap shot by Jonathan Ferland.
8:27 of 1st period - Stopped by Antti Raanta with a rebound.
8:46 of 1st period - Snap shot by Tanner Pearson.
8:46 of 1st period - Goal by Tanner Pearson - Senators : 1 - Inferno : 3.
8:47 of 1st period - Kevin Rooney wins face-off versus Evgeny Svechnikov in neutral zone.
8:54 of 1st period - Snap shot by Zemgus Girgensons.
8:54 of 1st period - Stopped by Antti Raanta with a rebound.
9:20 of 1st period - Snap shot by Jordan Schroeder.
9:20 of 1st period - Stopped by Antti Raanta with a rebound.
9:22 of 1st period - Snap shot by Jonathan Ferland.
9:22 of 1st period - Stopped by Antti Raanta without a rebound.
9:23 of 1st period - Jake Evans wins face-off versus Kevin Labanc in Inferno zone.
9:55 of 1st period - Tanner Pearson is hit by Keegan Lowe and loses puck.
10:42 of 1st period - Snap shot by Brett Bulmer.
10:42 of 1st period - Shot Blocked by Petteri Lindbohm.
11:18 of 1st period - Snap shot by Tomas Jurco.
11:18 of 1st period - Stopped by Antti Raanta with a rebound.
11:28 of 1st period - Slapshot by Kevin Labanc.
11:28 of 1st period - Stopped by Sami Aittokallio with a rebound.
11:57 of 1st period - Off-side.
11:58 of 1st period - Vladimir Sobotka wins face-off versus Anthony Richard in neutral zone.
12:08 of 1st period - Slapshot by Bryan Rust.
12:08 of 1st period - Stopped by Sami Aittokallio with a rebound.
12:10 of 1st period - Snap shot by Bryan Rust.
12:10 of 1st period - Stopped by Sami Aittokallio without a rebound.
12:11 of 1st period - Vladimir Sobotka wins face-off versus Jordan Schroeder in Senators zone.
13:06 of 1st period - Icing by Mathieu Brodeur.
13:07 of 1st period - Ryan Spooner wins face-off versus Jake Evans in Inferno zone.
13:35 of 1st period - Minor Penalty to Barclay Goodrow for Hooking.
13:36 of 1st period - Vladimir Sobotka wins face-off versus Nick Foligno in Inferno zone.
15:35 of 1st period - Penalty to Barclay Goodrow is over, Barclay Goodrow is back on ice.
15:55 of 1st period - Wrist shot by Bryan Rust.
15:55 of 1st period - Stopped by Sami Aittokallio without a rebound.
15:56 of 1st period - Victor Rask wins face-off versus Anthony Richard in Senators zone.
15:59 of 1st period - Snap shot by Jake DeBrusk.
15:59 of 1st period - Shot Misses the Net.
16:08 of 1st period - Off-side.
16:09 of 1st period - Jordan Schroeder wins face-off versus Ryan Spooner in neutral zone.
16:18 of 1st period - Slapshot by David Savard.
16:18 of 1st period - Stopped by Sami Aittokallio with a rebound.
16:34 of 1st period - Victor Rask is hit by Zemgus Girgensons and loses puck.
16:57 of 1st period - Snap shot by Kevin Labanc.
16:57 of 1st period - Shot Misses the Net.
17:03 of 1st period - Philip Varone is hit by Zachary Sanford and loses puck.
17:16 of 1st period - Wrist shot by Kevin Labanc.
17:16 of 1st period - Stopped by Sami Aittokallio with a rebound.
17:18 of 1st period - Slapshot by Greg Pateryn.
17:18 of 1st period - Shot Blocked by A.J. Jenks.
17:22 of 1st period - Wrist shot by Bryan Rust.
17:22 of 1st period - Stopped by Sami Aittokallio with a rebound.
17:24 of 1st period - Slapshot by Mathieu Brodeur.
17:24 of 1st period - Shot Misses the Net.
17:26 of 1st period - Slapshot by Greg Pateryn.
17:26 of 1st period - Deflect By Scott Harrington.
17:26 of 1st period - Stopped by Sami Aittokallio with a rebound.
18:22 of 1st period - Slapshot by Ryan Spooner.
18:22 of 1st period - Shot Misses the Net.
18:24 of 1st period - Slapshot by Barclay Goodrow.
18:24 of 1st period - Stopped by Sami Aittokallio without a rebound.
18:25 of 1st period - Jordan Schroeder wins face-off versus Vladimir Sobotka in Senators zone.
18:52 of 1st period - Joonas Lyytinen is hit by Kevin Labanc.
18:58 of 1st period - Slapshot by Zachary Sanford.
18:58 of 1st period - Stopped by Antti Raanta without a rebound.
18:59 of 1st period - Vladimir Sobotka wins face-off versus Jordan Schroeder in Inferno zone.
19:43 of 1st period - Minor Penalty to Scott Harrington for Holding.
19:44 of 1st period - Philip Varone wins face-off versus Jonathan Ferland in Senators zone.
Goals for this period are 1 for Senators vs 3 for Inferno.
Shots for this period are 10 for Senators vs 15 for Inferno.
2nd period
0:01 of 2nd period - Philip Varone wins face-off versus Jonathan Ferland in neutral zone.
1:43 of 2nd period - Penalty to Scott Harrington is over, Scott Harrington is back on ice.
1:49 of 2nd period - Slapshot by Esa Lindell.
1:49 of 2nd period - Stopped by Sami Aittokallio with a rebound.
1:51 of 2nd period - Snap shot by Ryan Spooner.
1:51 of 2nd period - Stopped by Sami Aittokallio without a rebound.
1:52 of 2nd period - Ryan Spooner wins face-off versus Jake Evans in Senators zone.
1:57 of 2nd period - Wrist shot by Ryan Spooner.
1:57 of 2nd period - Stopped by Sami Aittokallio without a rebound.
1:58 of 2nd period - Victor Rask wins face-off versus Jake Evans in Senators zone.
2:25 of 2nd period - Bryan Rust is hit by Nick Foligno and loses puck.
2:48 of 2nd period - Snap shot by Ryan Spooner.
2:48 of 2nd period - Shot Misses the Net.
3:10 of 2nd period - Wrist shot by Philip Varone.
3:10 of 2nd period - Stopped by Sami Aittokallio with a rebound.
3:40 of 2nd period - Wrist shot by Philip Varone.
3:40 of 2nd period - Shot Misses the Net.
3:42 of 2nd period - Snap shot by Kevin Labanc.
3:42 of 2nd period - Goal by Kevin Labanc - Senators : 1 - Inferno : 4.
3:43 of 2nd period - Vladimir Sobotka wins face-off versus Jordan Schroeder in neutral zone.
4:10 of 2nd period - Jake DeBrusk is hit by Dylan Blujus and loses puck.
4:15 of 2nd period - Snap shot by Tomas Jurco.
4:15 of 2nd period - Deflect By Kevin Rooney.
4:15 of 2nd period - Shot Blocked by Greg Pateryn.
4:15 of 2nd period - Puck is out of play.
4:16 of 2nd period - Philip Varone wins face-off versus Kevin Rooney in Inferno zone.
4:21 of 2nd period - Tomas Jurco is hit by Kevin Labanc and loses puck.
4:51 of 2nd period - Icing by Tomas Jurco.
4:52 of 2nd period - Kevin Rooney wins face-off versus Vladimir Sobotka in Senators zone.
4:52 of 2nd period - Kevin Rooney is hit by Bryan Rust.
4:55 of 2nd period - Icing by Anthony Bitetto.
4:56 of 2nd period - Kevin Rooney wins face-off versus Vladimir Sobotka in Senators zone.
6:12 of 2nd period - Slapshot by Vladimir Sobotka.
6:12 of 2nd period - Stopped by Sami Aittokallio without a rebound.
6:13 of 2nd period - Jordan Schroeder wins face-off versus Philip Varone in Senators zone.
6:22 of 2nd period - Scott Harrington is hit by Matthew Nieto and loses puck.
6:49 of 2nd period - Slapshot by Zachary Sanford.
6:49 of 2nd period - Stopped by Antti Raanta with a rebound.
7:03 of 2nd period - Slapshot by Ryan Spooner.
7:03 of 2nd period - Stopped by Sami Aittokallio with a rebound.
7:41 of 2nd period - Philippe Myers is hit by Jake DeBrusk and loses puck.
9:14 of 2nd period - Icing by Nick Foligno.
9:15 of 2nd period - Jordan Schroeder wins face-off versus Vladimir Sobotka in Senators zone.
9:15 of 2nd period - Jordan Schroeder is hit by Mathieu Brodeur.
9:37 of 2nd period - Kevin Rooney is hit by Matthew Nieto and loses puck.
9:49 of 2nd period - Minor Penalty to Joonas Lyytinen for Hooking.
9:50 of 2nd period - Philip Varone wins face-off versus Jonathan Ferland in Senators zone.
9:56 of 2nd period - Snap shot by Kevin Labanc.
9:56 of 2nd period - Stopped by Sami Aittokallio with a rebound.
9:58 of 2nd period - Wrist shot by Kevin Labanc.
9:58 of 2nd period - Stopped by Sami Aittokallio with a rebound.
10:00 of 2nd period - Snap shot by Philip Varone.
10:00 of 2nd period - Shot Misses the Net.
10:02 of 2nd period - Snap shot by Philip Varone.
10:02 of 2nd period - Goal by Philip Varone - Senators : 1 - Inferno : 5.
10:03 of 2nd period - Vladimir Sobotka wins face-off versus Jordan Schroeder in neutral zone.
10:26 of 2nd period - Minor Penalty to Scott Harrington for Boarding.
10:27 of 2nd period - Jonathan Ferland wins face-off versus Philip Varone in Senators zone.
10:38 of 2nd period - Slapshot by Esa Lindell.
10:38 of 2nd period - Stopped by Sami Aittokallio with a rebound.
10:40 of 2nd period - Slapshot by David Savard.
10:40 of 2nd period - Stopped by Sami Aittokallio with a rebound.
10:42 of 2nd period - Snap shot by Philip Varone.
10:42 of 2nd period - Shot Misses the Net.
11:02 of 2nd period - Slapshot by Esa Lindell.
11:02 of 2nd period - Stopped by Sami Aittokallio with a rebound.
12:26 of 2nd period - Penalty to Scott Harrington is over, Scott Harrington is back on ice.
12:27 of 2nd period - Esa Lindell is hit by Anthony Bitetto and loses puck.
12:36 of 2nd period - Snap shot by Jake DeBrusk.
12:36 of 2nd period - Stopped by Sami Aittokallio without a rebound.
12:37 of 2nd period - Ryan Spooner wins face-off versus Grant Besse in Senators zone.
12:45 of 2nd period - Off-side.
12:46 of 2nd period - Ryan Spooner wins face-off versus Jake Evans in neutral zone.
13:09 of 2nd period - Snap shot by Zachary Sanford.
13:09 of 2nd period - Stopped by Antti Raanta without a rebound.
13:10 of 2nd period - Vladimir Sobotka wins face-off versus Jonathan Ferland in Inferno zone.
13:35 of 2nd period - Zemgus Girgensons is hit by Philip Varone and loses puck.
13:44 of 2nd period - Zemgus Girgensons is hit by Matthew Nieto and loses puck.
14:18 of 2nd period - Minor Penalty to A.J. Jenks for Hooking.
14:19 of 2nd period - Jonathan Ferland wins face-off versus Philip Varone in Senators zone.
14:27 of 2nd period - Anthony Bitetto is hit by Philip Varone and loses puck.
14:34 of 2nd period - Snap shot by Philip Varone.
14:34 of 2nd period - Shot Misses the Net.
14:52 of 2nd period - Icing by Matthew Nieto.
14:53 of 2nd period - Nick Foligno wins face-off versus Victor Rask in Inferno zone.
15:14 of 2nd period - Wrist shot by Matthew Nieto.
15:14 of 2nd period - Stopped by Sami Aittokallio without a rebound.
15:15 of 2nd period - Jonathan Ferland wins face-off versus Philip Varone in Senators zone.
15:57 of 2nd period - Off-side.
15:58 of 2nd period - Philip Varone wins face-off versus Jonathan Ferland in neutral zone.
16:18 of 2nd period - Penalty to A.J. Jenks is over, A.J. Jenks is back on ice.
16:20 of 2nd period - Off-side.
16:21 of 2nd period - Victor Rask wins face-off versus Jake Evans in neutral zone.
17:19 of 2nd period - Slapshot by Scott Harrington.
17:19 of 2nd period - Stopped by Antti Raanta with a rebound.
17:26 of 2nd period - Icing by Peter Cehlarik.
17:27 of 2nd period - Anthony Richard wins face-off versus Ryan Spooner in Inferno zone.
17:28 of 2nd period - Wrist shot by A.J. Jenks.
17:28 of 2nd period - Shot Misses the Net.
17:36 of 2nd period - Wrist shot by Jake Evans.
17:36 of 2nd period - Shot Blocked by Petteri Lindbohm.
17:54 of 2nd period - Rasmus Andersson is hit by Jack Dougherty and loses puck.
18:17 of 2nd period - Slapshot by Peter Cehlarik.
18:17 of 2nd period - Shot Misses the Net.
18:27 of 2nd period - Wrist shot by Zachary Sanford.
18:27 of 2nd period - Deflect By Grant Besse.
18:27 of 2nd period - Goal by Grant Besse - Senators : 2 - Inferno : 5.
18:28 of 2nd period - Jordan Schroeder wins face-off versus Tanner Pearson in neutral zone.
18:39 of 2nd period - Wrist shot by Nick Foligno.
18:39 of 2nd period - Shot Misses the Net.
18:53 of 2nd period - David Savard is hit by Kevin Rooney and loses puck.
Goals for this period are 1 for Senators vs 2 for Inferno.
Shots for this period are 4 for Senators vs 15 for Inferno.
3rd period
0:01 of 3rd period - Jordan Schroeder wins face-off versus Vladimir Sobotka in neutral zone.
0:49 of 3rd period - Slapshot by Esa Lindell.
0:49 of 3rd period - Shot Blocked by Dylan Blujus.
0:51 of 3rd period - Snap shot by Esa Lindell.
0:51 of 3rd period - Shot Misses the Net.
0:53 of 3rd period - Snap shot by Victor Rask.
0:53 of 3rd period - Stopped by Sami Aittokallio with a rebound.
0:55 of 3rd period - Wrist shot by Evgeny Svechnikov.
0:55 of 3rd period - Shot Misses the Net.
0:57 of 3rd period - Backhand shot by Evgeny Svechnikov.
0:57 of 3rd period - Stopped by Sami Aittokallio without a rebound.
0:58 of 3rd period - Jordan Schroeder wins face-off versus Vladimir Sobotka in Senators zone.
0:58 of 3rd period - Jordan Schroeder is hit by Mathieu Brodeur.
1:11 of 3rd period - Minor Penalty to Vladimir Sobotka for High sticking.
1:12 of 3rd period - Kevin Labanc wins face-off versus Jordan Schroeder in Inferno zone.
1:26 of 3rd period - Snap shot by Jonathan Ferland.
1:26 of 3rd period - Shot Misses the Net.
1:28 of 3rd period - Snap shot by Nick Foligno.
1:28 of 3rd period - Goal by Nick Foligno - Senators : 3 - Inferno : 5.
1:29 of 3rd period - Jordan Schroeder wins face-off versus Vladimir Sobotka in neutral zone.
2:05 of 3rd period - Snap shot by Jake DeBrusk.
2:05 of 3rd period - Shot Misses the Net.
2:07 of 3rd period - Slapshot by Mathieu Brodeur.
2:07 of 3rd period - Stopped by Sami Aittokallio with a rebound.
2:43 of 3rd period - Snap shot by Zachary Sanford.
2:43 of 3rd period - Stopped by Antti Raanta without a rebound.
2:44 of 3rd period - Vladimir Sobotka wins face-off versus Jake Evans in Inferno zone.
3:10 of 3rd period - Petteri Lindbohm is hit by A.J. Jenks and loses puck.
3:49 of 3rd period - Off-side.
3:50 of 3rd period - Victor Rask wins face-off versus Jordan Schroeder in neutral zone.
4:14 of 3rd period - Icing by Jordan Schroeder.
4:15 of 3rd period - Vladimir Sobotka wins face-off versus Jordan Schroeder in Senators zone.
4:32 of 3rd period - Wrist shot by Jonathan Ferland.
4:32 of 3rd period - Shot Blocked by Tanner Pearson.
4:34 of 3rd period - Snap shot by Dylan Blujus.
4:34 of 3rd period - Stopped by Antti Raanta without a rebound.
4:35 of 3rd period - Kevin Rooney wins face-off versus Philip Varone in Inferno zone.
4:36 of 3rd period - Wrist shot by Tomas Jurco.
4:36 of 3rd period - Shot Misses the Net.
4:38 of 3rd period - Slapshot by Keegan Lowe.
4:38 of 3rd period - Stopped by Antti Raanta without a rebound.
4:39 of 3rd period - Kevin Rooney wins face-off versus Philip Varone in Inferno zone.
4:46 of 3rd period - Wrist shot by Zemgus Girgensons.
4:46 of 3rd period - Stopped by Antti Raanta with a rebound.
4:48 of 3rd period - Wrist shot by Tomas Jurco.
4:48 of 3rd period - Deflect By Esa Lindell.
4:48 of 3rd period - Shot Misses the Net.
4:48 of 3rd period - Puck is out of play.
4:49 of 3rd period - Vladimir Sobotka wins face-off versus Jordan Schroeder in Inferno zone.
4:52 of 3rd period - Snap shot by Jordan Schroeder.
4:52 of 3rd period - Shot Blocked by David Savard.
5:14 of 3rd period - Vladimir Sobotka is hit by Tomas Jurco and loses puck.
5:48 of 3rd period - David Savard is hit by A.J. Jenks and loses puck.
6:31 of 3rd period - Slapshot by David Savard.
6:31 of 3rd period - Deflect By Philip Varone.
6:31 of 3rd period - Shot Blocked by Eric Mestery.
6:31 of 3rd period - Puck is out of play.
6:32 of 3rd period - Philip Varone wins face-off versus Kevin Rooney in Senators zone.
6:45 of 3rd period - Kevin Rooney is hit by Greg Pateryn and loses puck.
7:44 of 3rd period - Wrist shot by Matthew Nieto.
7:44 of 3rd period - Stopped by Sami Aittokallio without a rebound.
7:45 of 3rd period - Kevin Labanc wins face-off versus Jordan Schroeder in Senators zone.
7:54 of 3rd period - Philip Varone is hit by Jonathan Ferland and loses puck.
8:28 of 3rd period - Wrist shot by Anthony Bitetto.
8:28 of 3rd period - Stopped by Antti Raanta with a rebound.
8:30 of 3rd period - Slapshot by Nick Foligno.
8:30 of 3rd period - Shot Misses the Net.
8:32 of 3rd period - Snap shot by Nick Foligno.
8:32 of 3rd period - Stopped by Antti Raanta without a rebound.
8:33 of 3rd period - Vladimir Sobotka wins face-off versus Kevin Rooney in Inferno zone.
8:38 of 3rd period - Slapshot by Petteri Lindbohm.
8:38 of 3rd period - Deflect By Anthony Bitetto.
8:38 of 3rd period - Stopped by Sami Aittokallio with a rebound.
9:06 of 3rd period - Wrist shot by Jake Evans.
9:06 of 3rd period - Goal by Jake Evans - Senators : 4 - Inferno : 5.
9:07 of 3rd period - Jordan Schroeder wins face-off versus Vladimir Sobotka in neutral zone.
9:11 of 3rd period - Off-side.
9:12 of 3rd period - Jordan Schroeder wins face-off versus Vladimir Sobotka in neutral zone.
9:27 of 3rd period - Keegan Lowe is hit by David Savard and loses puck.
9:34 of 3rd period - Minor Penalty to Anthony Bitetto for Hooking.
9:35 of 3rd period - Jonathan Ferland wins face-off versus Philip Varone in Senators zone.
9:35 of 3rd period - Jonathan Ferland is hit by Esa Lindell.
10:11 of 3rd period - Wrist shot by Matthew Nieto.
10:11 of 3rd period - Stopped by Sami Aittokallio with a rebound.
11:34 of 3rd period - Penalty to Anthony Bitetto is over, Anthony Bitetto is back on ice.
12:00 of 3rd period - Snap shot by Zachary Sanford.
12:00 of 3rd period - Deflect By Grant Besse.
12:00 of 3rd period - Goal by Grant Besse - Senators : 5 - Inferno : 5.
12:01 of 3rd period - Jake Evans wins face-off versus Vladimir Sobotka in neutral zone.
12:28 of 3rd period - Snap shot by A.J. Jenks.
12:28 of 3rd period - Stopped by Antti Raanta with a rebound.
12:30 of 3rd period - Slapshot by Keegan Lowe.
12:30 of 3rd period - Shot Blocked by Philip Varone.
12:30 of 3rd period - Philip Varone from Inferno is injured at 12:30 of 3rd period (Sprained Left Ankle).
12:31 of 3rd period - Vladimir Sobotka wins face-off versus Jordan Schroeder in Inferno zone.
12:31 of 3rd period - Vladimir Sobotka is hit by Jonathan Ferland.
13:16 of 3rd period - Snap shot by Jake Evans.
13:16 of 3rd period - Stopped by Antti Raanta with a rebound.
13:18 of 3rd period - Snap shot by Zachary Sanford.
13:18 of 3rd period - Stopped by Antti Raanta with a rebound.
13:20 of 3rd period - Slapshot by Keegan Lowe.
13:20 of 3rd period - Stopped by Antti Raanta without a rebound.
13:21 of 3rd period - Jordan Schroeder wins face-off versus Vladimir Sobotka in Inferno zone.
13:30 of 3rd period - Snap shot by Jordan Schroeder.
13:30 of 3rd period - Stopped by Antti Raanta with a rebound.
13:46 of 3rd period - Vladimir Sobotka is hit by Jake Evans and loses puck.
14:09 of 3rd period - Matthew Nieto is hit by Zemgus Girgensons and loses puck.
14:16 of 3rd period - Snap shot by Zemgus Girgensons.
14:16 of 3rd period - Stopped by Antti Raanta with a rebound.
14:56 of 3rd period - Wrist shot by Jake DeBrusk.
14:56 of 3rd period - Shot Misses the Net.
14:58 of 3rd period - Snap shot by Evgeny Svechnikov.
14:58 of 3rd period - Deflect By Jake DeBrusk.
14:58 of 3rd period - Stopped by Sami Aittokallio without a rebound.
14:59 of 3rd period - Kevin Rooney wins face-off versus Tanner Pearson in Senators zone.
15:08 of 3rd period - Slapshot by Tomas Jurco.
15:08 of 3rd period - Stopped by Antti Raanta without a rebound.
15:09 of 3rd period - Kevin Rooney wins face-off versus Tanner Pearson in Inferno zone.
15:10 of 3rd period - Snap shot by Tomas Jurco.
15:10 of 3rd period - Shot Blocked by Kevin Labanc.
15:22 of 3rd period - Wrist shot by Matthew Nieto.
15:22 of 3rd period - Stopped by Sami Aittokallio with a rebound.
15:24 of 3rd period - Wrist shot by Kevin Labanc.
15:24 of 3rd period - Stopped by Sami Aittokallio without a rebound.
15:25 of 3rd period - Victor Rask wins face-off versus Jordan Schroeder in Senators zone.
15:28 of 3rd period - Snap shot by Jake DeBrusk.
15:28 of 3rd period - Shot Misses the Net.
15:30 of 3rd period - Slapshot by Esa Lindell.
15:30 of 3rd period - Stopped by Sami Aittokallio without a rebound.
15:31 of 3rd period - Victor Rask wins face-off versus Jordan Schroeder in Senators zone.
15:52 of 3rd period - Minor Penalty to Anthony Bitetto for Holding.
15:53 of 3rd period - Jonathan Ferland wins face-off versus Jake DeBrusk in Senators zone.
15:53 of 3rd period - Jonathan Ferland is hit by David Savard.
16:23 of 3rd period - Snap shot by Esa Lindell.
16:23 of 3rd period - Shot Misses the Net.
16:25 of 3rd period - Wrist shot by Victor Rask.
16:25 of 3rd period - Shot Misses the Net.
17:52 of 3rd period - Penalty to Anthony Bitetto is over, Anthony Bitetto is back on ice.
17:53 of 3rd period - Scott Harrington is hit by Kevin Labanc.
18:29 of 3rd period - Mathieu Brodeur is hit by Anthony Richard and loses puck.
Goals for this period are 3 for Senators vs 0 for Inferno.
Shots for this period are 16 for Senators vs 10 for Inferno.
Overtime #1
0:01 of 1st overtime period - Jonathan Ferland wins face-off versus Bryan Rust in neutral zone.
0:11 of 1st overtime period - Minor Penalty to Esa Lindell for Boarding.
0:12 of 1st overtime period - Bryan Rust wins face-off versus Jonathan Ferland in Inferno zone.
0:28 of 1st overtime period - Wrist shot by Jonathan Ferland.
0:28 of 1st overtime period - Stopped by Antti Raanta with a rebound.
1:40 of 1st overtime period - Off-side.
1:41 of 1st overtime period - Bryan Rust wins face-off versus Jonathan Ferland in neutral zone.
2:11 of 1st overtime period - Penalty to Esa Lindell is over, Esa Lindell is back on ice.
2:14 of 1st overtime period - Wrist shot by Kevin Labanc.
2:14 of 1st overtime period - Shot Misses the Net.
2:32 of 1st overtime period - Wrist shot by Tanner Pearson.
2:32 of 1st overtime period - Stopped by Sami Aittokallio with a rebound.
3:05 of 1st overtime period - Keegan Lowe is hit by Esa Lindell and loses puck.
3:40 of 1st overtime period - Greg Pateryn is hit by Scott Harrington and loses puck.
3:44 of 1st overtime period - Icing by Greg Pateryn.
3:45 of 1st overtime period - Nick Foligno wins face-off versus Bryan Rust in Inferno zone.
4:05 of 1st overtime period - Icing by Tanner Pearson.
4:06 of 1st overtime period - Victor Rask wins face-off versus Jonathan Ferland in Inferno zone.
4:46 of 1st overtime period - Slapshot by Zemgus Girgensons.
4:46 of 1st overtime period - Shot Misses the Net.
4:48 of 1st overtime period - Slapshot by Keegan Lowe.
4:48 of 1st overtime period - Shot Blocked by Mathieu Brodeur.
4:50 of 1st overtime period - Wrist shot by Zemgus Girgensons.
4:50 of 1st overtime period - Stopped by Antti Raanta with a rebound.
4:52 of 1st overtime period - Wrist shot by Zemgus Girgensons.
4:52 of 1st overtime period - Goal by Zemgus Girgensons - Senators : 6 - Inferno : 5.
Goals for this period are 1 for Senators vs 0 for Inferno.
Shots for this period are 3 for Senators vs 1 for Inferno.